 Dungeon Crawl Stone Soup version 0.27-a0-1193-g8631133539 (webtiles) character file.

Game seed: 3704890829223727999

27675 Delamore the Peltast (level 13, 0/72 HPs)
             Began as a Gargoyle Monk on May 26, 2021.
             Was the Champion of Okawaru.
             Slain by a frost giant
             ... wielding a +1 battleaxe of freezing
              (1 damage)
             ... in an ice cave.
             The game lasted 00:22:56 (15989 turns).

Delamore the Peltast (Gargoyle Monk)               Turns: 15989, Time: 00:22:57

Health: 0/72       AC: 25    Str: 19    XL:     13   Next: 33%
Magic:  0/13       EV: 12    Int: 12    God:    Okawaru [******]
Gold:   512        SH: 14    Dex: 12    Spells: 12/12 levels left

rFire    . . .     SeeInvis .   a - +1 mace (vamp)
rCold    + + .     Faith    .   O - +1 kite shield {AC+3}
rNeg     + . .     Spirit   +   A - +0 troll leather armour
rPois    ∞         Reflect  .   x - +0 helmet
rElec    +         Harm     .   G - +1 cloak
rCorr    +         Rampage  .   (no gloves)
Will     .....                  (no boots)
Stlth    ++........             u - amulet of guardian spirit
HPRegen  1.22/turn              i - +4 ring of protection
MPRegen  0.13/turn              f - ring of ice

@: resistant
A: sickness immunity, AC +9, negative energy resistance 1, electricity
resistance, torment resistance 1, petrification resistance
a: Renounce Religion, Heroism, Finesse


You were in an ice cave.
You worshipped Okawaru.
Okawaru was exalted by your worship.
You visited 2 branches of the dungeon, and saw 11 of its levels.
You also visited: Ice Cave.

You collected 512 gold pieces.

Inventory:

Hand Weapons
 a - a +1 vampiric mace (weapon)
 B - a +0 whip of freezing
Missiles
 j - 10 boomerangs (quivered)
 k - 7 throwing nets
 o - 9 atropa-tipped darts
 p - 36 poisoned darts
Armour
 x - a +0 helmet (worn)
 A - a +0 troll leather armour (worn)
 D - a +0 kite shield
 G - a +1 cloak (worn)
 O - a +1 kite shield of protection (worn)
Jewellery
 f - a ring of ice (right hand)
 i - a +4 ring of protection (left hand)
 q - a ring of wizardry
 u - an amulet of guardian spirit (around neck)
 w - a ring of protection from fire
 y - a ring of fire
 E - a +4 ring of protection
 I - the ring "Utogh" {*Slow AC+4 Dex+5 SInv}
   (You found it on level 1 of the Lair of Beasts)

   [ring of protection]

   It affects your AC (+4).
   It affects your dexterity (+5).
   It lets you see invisible.
   It may slow you when you take damage.
 L - a ring of protection from fire
Wands
 b - a wand of flame (18)
 e - a wand of iceblast (5)
 F - a wand of paralysis (6)
Scrolls
 c - 2 scrolls of noise
 m - 3 scrolls of teleportation
 n - 3 scrolls of torment
 r - a scroll of silence
 s - a scroll of enchant armour
 t - a scroll of fear
 K - a scroll of brand weapon
 M - a scroll of enchant weapon
Potions
 d - a potion of ambrosia
 g - 4 potions of attraction
 h - 3 potions of brilliance
 l - a potion of berserk rage {unknown}
 v - a potion of resistance
 z - a potion of curing
 C - 3 potions of degeneration
 H - a potion of haste
 J - 6 potions of flight
 P - 2 potions of magic {unknown}
 R - a potion of might {unknown}


   Skills:
 - Level 5.0 Fighting
 - Level 14.0 Maces & Flails
 - Level 6.0 Throwing
 + Level 6.6 Armour
 - Level 2.4 Dodging
 - Level 2.1 Stealth
 - Level 15.0 Shields


You had 12 spell levels left.
You didn't know any spells.
Your spell library contained the following spells:

 Spells                   Type           Power      Damage    Failure   Level
 Apportation              Tloc           0%         N/A       36%         1
 Foxfire                  Conj/Fire      0%         2x1d4     36%         1
 Magic Dart               Conj           0%         1d3       36%         1
 Sting                    Tmut/Pois      0%         1d3       36%         1
 Blink                    Tloc           N/A        N/A       50%         2
 Call Imp                 Summ           0%         N/A       50%         2
 Poisonous Vapours        Pois/Air       0%         N/A       50%         2
 Slow                     Hex            0%         N/A       50%         2
 Conjure Flame            Conj/Fire      0%         6-21      75%         3
 Gell's Gravitas          Tloc           0%         N/A       75%         3
 Ignite Poison            Fire/Tmut/Pois 0%         N/A       75%         3
 Inner Flame              Hex/Fire       0%         N/A       75%         3
 Lesser Beckoning         Tloc           0%         N/A       75%         3
 Mephitic Cloud           Conj/Pois/Air  0%         N/A       75%         3
 Ozocubu's Armour         Ice            0%         N/A       75%         3
 Teleport Other           Tloc           0%         N/A       75%         3
 Tukima's Dance           Hex            0%         N/A       75%         3
 Airstrike                Air            0%         N/A       98%         4
 Hailstorm                Conj/Ice       0%         3d3       98%         4
 Olgreb's Toxic Radiance  Pois           0%         N/A       98%         4
 Sticky Flame             Conj/Fire      0%         2d3       98%         4
 Alistair's Intoxication  Tmut/Pois      0%         N/A       100%        5
 Fireball                 Conj/Fire      0%         3d3       100%        5
 Manifold Assault         Tloc           0%         N/A       100%        5
 Invisibility             Hex            0%         N/A       100%        6


Dungeon Overview and Level Annotations

Branches:
Dungeon (8/15)             Temple (0/1) D:7            Lair (3/6) D:8
 Shoals (0/4) Lair:3       Spider (0/4) Lair:3        IceCv (1/1)

Altars:
Fedhas
Kikubaaqudgha
Makhleb
Okawaru
Qazlal
Sif Muna
Wu Jian
Zin

Annotations:
D:5 2 runed translucent doors


Innate Abilities, Weirdness & Mutations

You are immune to sickness and miasma.
Your stone body is resilient. (AC +9)
You are immune to poison.
You resist negative energy. (rN+)
You are resistant to electric shocks. (rElec)
You are resistant to unholy torment.
You are immune to petrification.


Message History

The frost giant is severely wounded.
The yak gores you but does no damage.
You barely miss the frost giant.
The frost giant is severely wounded.
The frost giant points at you and mumbles some strange words.
The bolt of cold hits you! You resist. You block the yak's attack.
You hit the frost giant.
You feel better.
The frost giant is severely wounded.
The frost giant misses you.
You hit the frost giant.
You feel better.
The frost giant is almost dead.
You block the yak's attack.
You thump the frost giant!
You feel better.
The frost giant is almost dead.
The frost giant gestures at you while chanting.
The bolt of cold misses you. The yak completely misses you.
You hit the frost giant.
You feel better.
The frost giant is almost dead.
The frost giant hits you with a +1 battleaxe of freezing!!
* * * LOW HITPOINT WARNING * * *
The frost giant freezes you.
* * * LOW HITPOINT WARNING * * *
Okay, then.
Okay, then.
You hit the yak.
You feel better.
The yak is lightly wounded.
The yak snorts and paws the ground.
The yak gores you but does no damage.
You hit the yak.
The yak is moderately wounded.
The frost giant gestures at you while chanting.
The bolt of cold hits you! You resist.
* * * LOW HITPOINT WARNING * * *
You block the yak's attack.
You hit the yak.
The yak is heavily wounded.
The frost giant hits you with a +1 battleaxe of freezing!
* * * LOW HITPOINT WARNING * * *
The frost giant freezes you.
You die...

#..##
#..#
#.## #
#..## ≈#
##..# ≈#
#..# ###
≈≈#
##.##
#.##
≈≈≈#
#..#
.#.#≈≈≈#
##@#
#..≈≈≈#
#YC#
##≈≈≈≈#


YhY## #≈≈#.# ....Y ≈≈≈##.. ......# ≈≈≈# .....(... ##≈≈# .###.... #≈≈# # ##(..
#≈≈# You could see a frost giant, 4 yaks and a wolf.

Vanquished Creatures
  Harold (D:7)
  2 hydras
  A tengu warrior (D:8)
  5 death yaks (Lair:2)
  Pikel (D:6)
  2 black mambas (Lair:2)
  An ice statue (IceCv)
  5 elephants (Lair:2)
  3 cane toads
  4 rime drakes
  4 komodo dragons
  A troll (D:5)
  13 polar bears
  8 blink frogs
  A wyvern (Lair:3)
  Sigmund (D:2)
  37 yaks
  3 basilisks (Lair:3)
  A steam dragon (D:7)
  6 water moccasins
  3 sky beasts
  2 black bears
  2 orc warriors (D:8)
  3 ogres
  4 necrophages
  17 wolves
  2 centaurs (D:7)
  A lemure (D:6)
  A phantom (D:5)
  8 bullfrogs
  A gnoll sergeant (D:6)
  A water moccasin zombie (D:5)
  A wight (D:5)
  An electric eel (D:8)
  5 bullfrog zombies
  A hound (D:7)
  4 orc priests
  A centaur zombie (D:7)
  5 jellies
  A bullfrog skeleton (D:6)
  A centaur skeleton (D:6)
  2 gnoll shamans (D:6)
  6 hell rats (Lair:2)
  5 iguanas
  5 orc wizards
  A scorpion zombie (D:5)
  A killer bee zombie (D:7)
  A howler monkey zombie (D:8)
  16 gnolls
  8 adders
  3 shadow imps
  2 white imps (D:5)
  An ufetubus (D:5)
  An adder skeleton (D:5)
  3 worms (D:2)
  2 dart slugs (D:4)
  12 orcs
  3 endoplasms
  2 giant cockroaches (D:1)
  2 goblins
  3 hobgoblins
  9 jackals
  9 kobolds
  3 quokkas
  7 ball pythons
  4 bats
  4 frilled lizards
  6 rats
286 creatures vanquished.

Vanquished Creatures (others)
  2 fungi
  25 plants
27 creatures vanquished.

Grand Total: 313 creatures vanquished

Notes
Turn   | Place    | Note
-------+----------+-------------------------------------------
     0 | D:1      | Delamore the Gargoyle Monk began the quest for the Orb.
     0 | D:1      | Reached XP level 1. HP: 14/14 MP: 1/1
   262 | D:1      | Reached XP level 2. HP: 14/19 MP: 2/2
  1077 | D:2      | Reached XP level 3. HP: 24/24 MP: 3/3
  1554 | D:2      | Reached XP level 4. HP: 22/29 MP: 4/4
  1664 | D:2      | Noticed Sigmund
  2388 | D:3      | Found a burning altar of Makhleb.
  2388 | D:3      | Found a blossoming altar of Fedhas.
  2838 | D:4      | Reached XP level 5. HP: 34/34 MP: 5/5
  2840 | D:4      | Found a glowing silver altar of Zin.
  2910 | D:4      | Noticed a necrophage
  2910 | D:4      | Noticed an ogre
  2939 | D:4      | Reached skill level 5 in Maces & Flails
  3003 | D:4      | Noticed a black bear
  3007 | D:4      | Killed a black bear
  3008 | D:4      | Reached XP level 6. HP: 39/40 MP: 6/6
  3165 | D:4      | Found a shimmering blue altar of Sif Muna.
  3730 | D:4      | Reached skill level 5 in Fighting
  3742 | D:4      | Killed a necrophage
  3969 | D:2      | Killed Sigmund
  3970 | D:2      | Reached XP level 7. HP: 31/44 MP: 7/7
  4636 | D:5      | Entered Level 5 of the Dungeon
  5584 | D:5      | Found a large runed translucent door.
  5585 | D:5      | Found a large runed translucent door.
  5587 | D:5      | Noticed a troll
  5590 | D:5      | Found a large runed translucent door.
  5590 | D:5      | Found a large runed translucent door.
  5613 | D:5      | Noticed a yak
  5629 | D:5      | Killed a yak
  5630 | D:5      | Reached XP level 8. HP: 33/49 MP: 8/8
  6425 | D:5      | Reached skill level 1 in Armour
  7315 | D:6      | Reached skill level 10 in Maces & Flails
  7556 | D:6      | Reached XP level 9. HP: 54/54 MP: 7/9
  7764 | D:6      | HP: 1/54 [acid (6)]
  8598 | D:7      | Reached skill level 5 in Armour
  8634 | D:7      | Found an iron altar of Okawaru.
  8699 | D:7      | Found an ancient bone altar of Kikubaaqudgha.
  8708 | D:7      | HP: 1/54 [gnoll/+0 halberd (8)]
  9006 | D:7      | Noticed Pikel
  9045 | D:6      | Killed Pikel
  9365 | D:7      | Became a worshipper of Warmaster Okawaru
  9365 | D:7      | Reached * piety under Okawaru
  9365 | D:7      | Reached ** piety under Okawaru
  9395 | D:7      | Noticed Harold
  9422 | D:7      | Paralysed by Harold for 7 turns
  9430 | D:7      | Killed Harold
  9430 | D:7      | Reached *** piety under Okawaru
  9431 | D:7      | Reached XP level 10. HP: 34/59 MP: 5/10
  9702 | D:7      | Found a staircase to the Ecumenical Temple.
  9838 | D:7      | Found an ornate altar of the Wu Jian Council.
  9999 | D:7      | Found a stormy altar of Qazlal.
 10338 | D:8      | Noticed a tengu warrior
 10351 | D:8      | Killed a tengu warrior
 10351 | D:8      | Reached **** piety under Okawaru
 10514 | D:8      | Reached skill level 1 in Shields
 10682 | D:8      | Found a staircase to the Lair.
 10721 | D:8      | Reached skill level 2 in Shields
 11219 | D:5      | Reached skill level 3 in Shields
 11227 | D:5      | Reached skill level 4 in Shields
 11235 | D:5      | Identified Zusistitaist's Tome of the Frostbite and
                  | Feathers
 11352 | Lair:1   | Entered Level 1 of the Lair of Beasts
 11414 | Lair:1   | Noticed a cane toad
 11436 | Lair:1   | Killed a cane toad
 11437 | Lair:1   | Reached skill level 1 in Throwing
 11558 | Lair:1   | Noticed an eight-headed hydra
 11578 | Lair:1   | Killed an eight-headed hydra
 11578 | Lair:1   | Received a gift from Okawaru
 11579 | Lair:1   | Reached skill level 5 in Shields
 11579 | Lair:1   | Reached XP level 11. HP: 33/63 MP: 1/11
 11605 | Lair:1   | Reached skill level 6 in Shields
 11798 | Lair:1   | Reached ***** piety under Okawaru
 11990 | Lair:1   | Identified the ring "Utogh" {*Slow AC+4 Dex+5 SInv}
 12037 | Lair:1   | Reached skill level 7 in Shields
 12597 | Lair:2   | Reached skill level 5 in Throwing
 12725 | Lair:2   | Received a gift from Okawaru
 12726 | Lair:2   | Reached skill level 8 in Shields
 12954 | Lair:2   | Reached skill level 9 in Shields
 12975 | Lair:2   | Received a gift from Okawaru
 13019 | Lair:2   | Reached XP level 12. HP: 68/68 MP: 10/12
 13186 | Lair:2   | Reached skill level 10 in Shields
 13542 | Lair:2   | Reached skill level 11 in Shields
 13628 | Lair:2   | Noticed a death yak
 13635 | Lair:2   | Noticed a death yak
 13637 | Lair:2   | Noticed a death yak
 13639 | Lair:2   | Noticed a death yak
 13641 | Lair:2   | Noticed a death yak
 13674 | Lair:2   | Killed a death yak
 13740 | Lair:2   | Killed a death yak
 13775 | Lair:2   | Killed a death yak
 13776 | Lair:2   | Reached skill level 12 in Shields
 13834 | Lair:2   | Killed a death yak
 13875 | Lair:2   | Killed a death yak
 14475 | Lair:3   | Found a frozen archway.
 14490 | Lair:3   | Reached skill level 13 in Shields
 14519 | Lair:3   | Noticed a six-headed hydra
 14534 | Lair:3   | Reached ****** piety under Okawaru
 14547 | Lair:3   | Killed a six-headed hydra
 14664 | Lair:3   | Reached skill level 14 in Shields
 14697 | Lair:3   | Reached XP level 13. HP: 72/72 MP: 5/13
 14731 | Lair:3   | Received a gift from Okawaru
 14793 | IceCv    | Entered an ice cave
 14976 | IceCv    | Received a gift from Okawaru
 15645 | IceCv    | Reached skill level 15 in Shields
 15680 | IceCv    | Received a gift from Okawaru
 15925 | IceCv    | Noticed a frost giant
 15989 | IceCv    | HP: 1/72 [frost giant/+1 battleaxe of freezing (12)]
 15989 | IceCv    | Slain by a frost giant

Illustrated notes

Levels and vault maps discovered:
D:1:      dpeg_arrival_stone_temple_mockup, layout_basic
D:2:      layout_basic, minmay_pentomino_pile, uniq_sigmund
D:3:      layout_basic, minitemple
D:4:      layout_basic, led_sif_book, zin_academy
D:5:      layout_layer_cave, minmay_hollow_rounded_squares
D:6:      layout_cave_pools, nicolae_sextant, st_stairs_5
D:7:      layout_gridville, okawaru_gym_becter, nicolae_overflow_hidden_temple,
          minmay_temple_entry_junction, uniq_harold, uniq_pikel
D:8:      layout_gridville, david_lair_shrubbed, grunt_ministairs_15,
          kennysheep_donut, kennysheep_decorative_pillar
Lair:1:   layout_roguey, chequers_serial_rivers_small_3,
          infiniplex_staircase_pool_2
Lair:2:   layout_cave_pods
Lair:3:   layout_long_grid, shoals_dummy_entry, spider_nest_entry_web_field,
          portal_ice_cave_rime, pf_torpor_hydra, minmay_lair_oklob_chamber
IceCv:    ice_cave_small_giant

Skill      XL: |  1  2  3  4  5  6  7  8  9 10 11 12 13 |
---------------+----------------------------------------+-----
Maces & Flails | 4 5 7 8 10 13 14 | 14.0
Fighting       | 4 5 |  5.0
Armour         | 3 5 6 |  6.6
Shields        | 5 9 14 15 | 15.0
Throwing       | 2 6 |  6.0
Dodging        | |  2.4
Stealth        | |  2.1

Action                   |  1- 3 |  4- 6 |  7- 9 | 10-12 | 13-15 || total
-------------------------+-------+-------+-------+-------+-------++-------
Melee: Mace              |   132 |   108 |   604 |  1390 |   681 ||  2915
Throw: Dart              |       |       |    30 |    52 |       ||    82
       Throwing net      |       |       |     1 |       |       ||     1
       Javelin           |       |       |       |       |     8 ||     8
Invok: Heroism           |       |       |       |     5 |       ||     5
       Finesse           |       |       |       |       |     1 ||     1
Evoke: Wand              |       |     4 |     3 |     4 |       ||    11
  Use: Scroll            |     1 |    11 |     1 |     8 |       ||    21
       Potion            |       |       |     2 |     1 |     2 ||     5
 Stab: Sleeping          |     2 |       |       |       |       ||     2
       Paralysed         |       |       |       |     9 |       ||     9
Armor: Robe              |    66 |    17 |       |       |       ||    83
       Scale mail        |       |    31 |   362 |   132 |       ||   525
       Troll leather arm |       |       |       |   588 |   491 ||  1079
Dodge: Dodged            |   101 |    70 |   350 |   566 |   437 ||  1524
Block: Kite shield       |       |       |       |   807 |   819 ||  1626

Table legend: (Time is in decaauts)
 A = Elapsed time spent in this place.
 B = Non-inter-level travel time spent in this place.
 C = Inter-level travel time spent in this place.
 D = Time resting spent in this place.
 E = Time spent auto-exploring this place.
 F = Levels seen in this place.
 G = Mean time per level.
                   A        B        C        D        E       F      G
               +--------+--------+--------+--------+--------+-----+--------+
         Total |  15462 |  14661 |    801 |   1881 |   8886 |  12 | 1288.5 |
       Dungeon |  11284 |  10600 |    684 |   1682 |   6812 |   8 | 1410.5 |
          Lair |   3167 |   3050 |    117 |     78 |   1735 |   3 | 1055.7 |
      Ice Cave |   1010 |   1010 |      0 |    121 |    339 |   1 | 1010.0 |
               +--------+--------+--------+--------+--------+-----+--------+

Top non-repeatable levels by time:
     D:5: 2871 daAuts
  Lair:2: 1648 daAuts
     D:2: 1514 daAuts
     D:6: 1427 daAuts
     D:4: 1236 daAuts
     D:8: 1166 daAuts
  Lair:1: 1162 daAuts
     D:7: 1137 daAuts
     D:3: 1059 daAuts
   IceCv: 1010 daAuts
     D:1: 871 daAuts
  Lair:3: 356 daAuts
